 Dungeon Crawl Stone Soup version 0.29-a0-371-g91724d5b39 (webtiles) character file.

Game seed: 14470946039665180423

2041 Bruhh the Thaumaturge (level 9, 55/55 HPs)
             Began as a Djinni Earth Elementalist on May 3, 2022.
             Was a Follower of Elyvilon.
             Quit the game on level 6 of the Dungeon.
             The game lasted 00:09:06 (7183 turns).

Bruhh the Thaumaturge (Djinni Earth Elementalist)   Turns: 7183, Time: 00:09:06

Health: 55/55      AC:  5    Str:  7    XL:     9   Next: 48%
Gold:   254        EV: 12    Int: 21    God:    Elyvilon [*.....] SH:  0 Dex: 14

rFire   + + .      SeeInvis .   (no weapon)
rCold   x . .      Faith    .   (no shield)
rNeg    + . .      Spirit   .   y - +1 robe "Elimymp" {Drain +Blink rN+ MP+9}
rPois   ∞          Reflect  .   (no helmet)
rElec   .          Harm     .   B - +1 cloak
rCorr   .          Rampage  .   (no gloves)
Will    .....                   (boots unavailable)
Stlth   ++........              (no amulet)
HPRegen 0.18/turn               (no ring)
MPRegen 0.00/turn               (no ring)

@: flying
A: sickness immunity, fire resistance 2, cold vulnerability 1, float, innate
caster, HP casting, extra vitality 1
a: Renounce Religion, Evoke Blink, Purification


You were on level 6 of the Dungeon.
You worshipped Elyvilon.
Elyvilon was aware of your devotion.
You visited 2 branches of the dungeon, and saw 7 of its levels.

You collected 254 gold pieces.

Inventory:

Hand Weapons
 v - a +0 trident of distortion
Missiles
 a - 166 stones
Armour
 b - a +0 robe
 h - a +0 kite shield
 y - the +1 robe "Elimymp" (worn) {Drain +Blink rN+ MP+9}
   (You found it on level 5 of the Dungeon)

   rN:        It protects you from negative energy.
   MP:        It affects your magic capacity (+9).
   +Blink:    It lets you blink.
   Drain:     It drains your maximum health when unequipped.
 B - a +1 cloak (worn)
Jewellery
 k - the necklace of Bloodlust {*Rage Will++ Int-3 Slay+6}
   (You found it on level 2 of the Dungeon)

   [amulet of nothing]

   It extends the wearer's berserk rage when killing foes.
   Int:       It affects your intelligence (-3).
   Slay:      It affects your accuracy & damage with ranged weapons and melee
   (+6).
   *Rage:     It berserks you when you make melee attacks (+50% chance).
   Will:      It greatly increases your willpower.
Wands
 p - a wand of charming (6)
 C - a wand of flame (13)
Scrolls
 d - 8 scrolls of identify {unknown}
 e - 2 scrolls of amnesia {unknown}
 f - a scroll of fog {unknown}
 m - 4 scrolls of teleportation {unknown}
 o - a scroll of enchant armour {unknown}
 q - 2 scrolls of immolation {unknown}
 s - a scroll of enchant weapon {unknown}
 x - a scroll of silence {unknown}
Potions
 c - 2 potions of cancellation {unknown}
 g - a potion of might {unknown}
 i - a potion of resistance {unknown}
 j - 2 potions of lignification {unknown}
 l - 3 potions of curing {unknown}
 n - a potion of ambrosia {unknown}
 r - 3 potions of brilliance {unknown}
 t - a potion of attraction {unknown}
 u - a potion of haste {unknown}
 w - 3 potions of heal wounds {unknown}
 z - 2 potions of flight {unknown}
 A - a potion of degeneration {unknown}


   Skills:
 - Level 1.2(1.6) Short Blades
 + Level 1.3(1.6) Long Blades
 + Level 1.0(1.4) Axes
 + Level 1.0(1.4) Maces & Flails
 + Level 1.0(1.4) Polearms
 + Level 1.1(1.6) Staves
 + Level 1.0(1.2) Slings
 - Level 1.0 Bows
 - Level 1.1 Crossbows
 + Level 1.0(1.2) Throwing
 + Level 1.5 Armour
 - Level 2.1 Dodging
 - Level 1.5 Stealth
 + Level 2.0 Shields
 - Level 8.0 Spellcasting
 + Level 1.3 Invocations
 + Level 1.2 Evocations


You had 6 spell levels left.
You knew the following spells:

 Your Spells              Type           Power      Damage    Failure   Level
a - Sandblast             Erth           84%        2d18      1%          1
b - Passwall              Tmut/Erth      35%        N/A       1%          2
c - Stone Arrow           Conj/Erth      84%        3d12      1%          3
d - Petrify               Tmut/Erth      42%        N/A       3%          4
e - Foxfire               Conj/Fire      100%       2x1d9     1%          1
f - Blink                 Tloc           84%        N/A       1%          2
g - Corpse Rot            Necr/Air       84%        N/A       1%          2
h - Lesser Beckoning      Tloc           42%        N/A       1%          3
Your spell library was empty.

Dungeon Overview and Level Annotations

Branches:
Dungeon (6/15)             Temple (1/1) D:4

Altars:
Cheibriados
Dithmenos
Elyvilon
Gozag
Kikubaaqudgha
Makhleb
Okawaru
Qazlal
Sif Muna
Vehumet
The Shining One

Shops:
D:4 (   D:5 (


Innate Abilities, Weirdness & Mutations

You are immune to sickness and miasma.
You are immune to poison.
Your flesh is very heat resistant. (rF++)
You are vulnerable to cold. (rC-)
You float through the air rather than walking.
You learn spells naturally, not from books.
Your magical power is your life essence.
You have superior vitality. (+4 MHP)


Message History

You destroy the phantom!
Your Slings skill increases to level 1!
Your Bows skill increases to level 1!
Your Shields skill increases to level 2!
You can't see any susceptible monsters within range! (Use Z to cast anyway.)
You can't see any susceptible monsters within range! (Use Z to cast anyway.)
You can't see any susceptible monsters within range! (Use Z to cast anyway.)
You see here a bullfrog corpse.
You reach down and open the door.
An adder comes into view.
An adder is nearby!
An adder is nearby!
An adder is nearby!
An adder is nearby!
An ice beast comes into view.
There is an open door here.
The stone arrow hits the ice beast!!
The ice beast is severely wounded.
The adder hisses angrily.
The stone arrow hits the ice beast!!
You kill the ice beast!
The adder misses you.
Your Axes skill increases to level 1!
Your Polearms skill increases to level 1!
Your Crossbows skill increases to level 1!
Your Throwing skill increases to level 1!
The stone arrow hits the adder!!
You kill the adder!
You can't see any susceptible monsters within range! (Use Z to cast anyway.)
You can't see any susceptible monsters within range! (Use Z to cast anyway.)
You can't see any susceptible monsters within range! (Use Z to cast anyway.)
You reach down and open the door.
There is an open door here.
There is an open door here.
There is an open door here.
There is an open door here.
A hound comes into view.
The hound barks!
A hound is nearby!
Unknown command.
Are you sure you want to abandon this character and quit the game? (Confirm with "yes".)

................>..#'##
.......######..#.###..#
##...### #.........#
#...# #........## #####
####.##### #.# #.# #.#
#@# #.h...... ...######
..... ....... ####.##..
#.# ### #.#


You could see a hound.

Vanquished Creatures
  An orc warrior (D:6)
  A sky beast (D:6)
  2 ice beasts (D:6)
  2 black bears (D:5)
  2 ogres
  A centaur (D:6)
  A phantom (D:6)
  A bullfrog (D:6)
  2 necrophages
  4 scorpions
  5 wights (D:6)
  A jelly (D:5)
  2 hounds
  2 orc priests (D:5)
  Crazy Yiuf (D:5)
  2 iguanas
  Ijyb (D:3)
  An orc wizard (D:5)
  10 adders
  A shadow imp (D:6)
  2 white imps (D:6)
  An ufetubus (D:4)
  3 worms (D:2)
  15 orcs
  7 bats
  10 endoplasms
  5 giant cockroaches
  8 goblins
  10 hobgoblins
  A quokka (D:3)
  5 ball pythons
  5 frilled lizards
  6 kobolds
  4 rats (D:1)
125 creatures vanquished.

Notes
Turn   | Place    | Note
-------+----------+-------------------------------------------
     0 | D:1      | Bruhh the Djinni Earth Elementalist began the quest for the
                  | Orb.
     0 | D:1      | Reached XP level 1. HP: 15/15 MP: 0/0
   326 | D:1      | Reached XP level 2. HP: 17/21 MP: 0/0
   549 | D:1      | Reached skill level 3 in Spellcasting
  1336 | D:2      | Reached XP level 3. HP: 18/25 MP: 0/0
  1336 | D:2      | Learned a level 1 spell: Foxfire
  1976 | D:2      | Reached XP level 4. HP: 28/31 MP: 0/0
  2020 | D:2      | Found the necklace of Bloodlust {*Rage Will++ Int-3 Slay+6}
  2854 | D:3      | Noticed Ijyb
  2865 | D:3      | Killed Ijyb
  2866 | D:3      | Reached skill level 4 in Spellcasting
  3153 | D:3      | Reached XP level 5. HP: 4/35 MP: 0/0
  3153 | D:3      | Learned a level 2 spell: Blink
  3471 | D:3      | Found a faded altar of an unknown god.
  4247 | D:4      | Found a staircase to the Ecumenical Temple.
  4252 | D:4      | Reached XP level 6. HP: 39/40 MP: 0/0
  4259 | Temple   | Entered the Ecumenical Temple
  4354 | Temple   | Became a worshipper of Elyvilon the Healer
  4543 | D:4      | Found Xox Jimy's Weapon Shop.
  4626 | D:4      | Reached skill level 5 in Spellcasting
  4836 | D:4      | Noticed an ogre
  4846 | D:4      | Killed an ogre
  5099 | D:5      | Entered Level 5 of the Dungeon
  5110 | D:5      | Reached XP level 7. HP: 40/45 MP: 0/0
  5110 | D:5      | Learned a level 2 spell: Corpse Rot
  5166 | D:5      | Identified the +1 robe "Elimymp" {Drain +Blink rN+ MP+9}
  5246 | D:5      | Reached skill level 6 in Spellcasting
  5253 | D:5      | Reached * piety under Elyvilon
  5476 | D:5      | Reached XP level 8. HP: 37/50 MP: 0/0
  5782 | D:5      | Reached skill level 7 in Spellcasting
  6094 | D:5      | Found a runed translucent door.
  6095 | D:5      | Noticed Crazy Yiuf
  6140 | D:5      | Found Qicotz's Weapon Emporium.
  6294 | D:5      | Killed Crazy Yiuf
  6681 | D:6      | Reached skill level 1 in Shields
  6681 | D:6      | Reached skill level 8 in Spellcasting
  6737 | D:6      | Reached XP level 9. HP: 43/55 MP: 0/0
  6737 | D:6      | Learned a level 3 spell: Lesser Beckoning
  6871 | D:6      | Reached skill level 1 in Long Blades
  6871 | D:6      | Reached skill level 1 in Invocations
  6993 | D:6      | Reached skill level 1 in Short Blades
  6993 | D:6      | Reached skill level 1 in Armour
  6995 | D:6      | Reached skill level 1 in Evocations
  7060 | D:6      | Reached skill level 1 in Maces & Flails
  7060 | D:6      | Reached skill level 1 in Staves
  7062 | D:6      | Reached skill level 1 in Slings
  7062 | D:6      | Reached skill level 1 in Bows
  7113 | D:6      | Reached skill level 1 in Axes
  7113 | D:6      | Reached skill level 1 in Polearms
  7113 | D:6      | Reached skill level 1 in Crossbows
  7113 | D:6      | Reached skill level 1 in Throwing
  7183 | D:6      | Quit the game

Illustrated notes

Levels and vault maps discovered:
D:1:      dpeg_arrival_round_a, layout_loops_ring, kennysheep_doodads,
          minivault_24, st_stairs_4, dreamdust_mushroom_princess
D:2:      layout_basic
D:3:      layout_loops_corners, chequers_ecumenical_altar_island,
          kennysheep_potato, uniq_ijyb
D:4:      layout_loops_ring, minmay_temple_entry_junction, serial_shops, shop
D:5:      layout_loops_ring, serial_shops, nicolae_shop_advertising_works
          [nicolae_subvault_shop_adworks], uniq_crazy_yiuf_cottage
D:6:      minmay_bubble_buster, layout_loops_corners, serial_shops,
          nicolae_shop_trees, minmay_misc_feat_iff
Temple:   jpeg_temple_clearing

Skill      XL: |  1  2  3  4  5  6  7  8  9 |
---------------+----------------------------+-----
Spellcasting   | 3 4 5 6 8 |  8.0
Shields        | 1 2 |  2.0
Long Blades    | 1 |  1.3
Invocations    | 1 |  1.3
Short Blades   | 1 |  1.2
Armour         | 1 |  1.5
Evocations     | 1 |  1.2
Maces & Flails | 1 |  1.0
Staves         | 1 |  1.1
Slings         | 1 |  1.0
Bows           | 1 |  1.0
Axes           | 1 |  1.0
Polearms       | 1 |  1.0
Crossbows      | 1 |  1.1
Throwing       | 1 |  1.0
Dodging        | |  2.1
Stealth        | |  1.5

Action                   |  1- 3 |  4- 6 |  7- 9 || total
-------------------------+-------+-------+-------++-------
Melee: Unarmed           |     7 |     3 |       ||    10
 Cast: Sandblast         |    60 |    86 |    11 ||   157
       Stone Arrow       |       |       |    59 ||    59
Armor: Robe              |    13 |     3 |     3 ||    19
Dodge: Dodged            |    32 |    23 |    13 ||    68

Table legend: (Time is in decaauts)
 A = Elapsed time spent in this place.
 B = Non-inter-level travel time spent in this place.
 C = Inter-level travel time spent in this place.
 D = Time resting spent in this place.
 E = Time spent auto-exploring this place.
 F = Levels seen in this place.
 G = Mean time per level.
                   A        B        C        D        E       F      G
               +--------+--------+--------+--------+--------+-----+--------+
         Total |   7181 |   6941 |    240 |      0 |   6273 |   7 | 1025.9 |
       Dungeon |   7077 |   6860 |    217 |      0 |   6209 |   6 | 1179.5 |
        Temple |    104 |     81 |     23 |      0 |     64 |   1 |  104.0 |
               +--------+--------+--------+--------+--------+-----+--------+

Top non-repeatable levels by time:
     D:2: 1461 daAuts
     D:3: 1429 daAuts
     D:1: 1333 daAuts
     D:5: 1330 daAuts
     D:4: 769 daAuts
     D:6: 752 daAuts
  Temple: 104 daAuts
